 Dungeon Crawl Stone Soup version 0.31-a0-803-g95b03c3367 (webtiles) character file.

Game seed: 9133561495455935120

254 javelincjr the Ruffian (level 5, -14/42 HPs)
             Began as a Demigod Shapeshifter on Sept 20, 2023.
             Demolished by a two-headed ogre
             ... wielding a +0 giant club
              (28 damage)
             ... on level 4 of the Dungeon.
             The game lasted 00:09:55 (3220 turns).

javelincjr the Ruffian (Demigod Shapeshifter)       Turns: 3220, Time: 00:09:56

Health: -14/42     AC:  5    Str: 19    XL:     5   Next: 59%
Magic:  7/7        EV: 12    Int: 12    God:
Gold:   86         SH:  0    Dex: 19    Spells: 4/4 levels left

rFire   . . .        b - +1 dagger (freeze)
rCold   + . .        (no shield)
rNeg    . . .        j - +0 ring mail
rPois   .            (helmet currently unavailable)
rElec   .            (cloak currently unavailable)
rCorr   .            (gloves currently unavailable)
SInv    .            (boots currently unavailable)
Will    .....        (no amulet)
Stlth   +            n - ring of protection from cold
HPRegen 0.27/turn    y - +6 ring of dexterity
MPRegen 0.10/turn

%: no passive effects
@: beast-form
A: beast (slay +2), high MP 1, forlorn, divine attributes
a: Begin Untransformation


You were on level 4 of the Dungeon.
You were a hulking beast.
You visited 1 branch of the dungeon, and saw 4 of its levels.

You collected 134 gold pieces.
You spent 48 gold pieces at shops.

Inventory:

Hand Weapons
 a - a +2 sling of draining
 b - a +1 dagger of freezing (weapon)
Missiles
 e - 17 stones
 f - 7 poisoned darts
 u - 2 javelins
Armour
 j - a +0 ring mail (worn)
 s - a +0 helmet
 v - a +0 animal skin
Jewellery
 n - a ring of protection from cold (left hand)
 y - a +6 ring of dexterity (right hand)
Talismans
 c - a beast talisman (active)
 d - a flux talisman
Scrolls
 g - a scroll of fear
 i - 4 scrolls of teleportation
 m - a scroll of enchant armour {unknown}
 p - a scroll of amnesia {unknown}
 q - a scroll of blinking {unknown}
 z - a scroll of immolation {unknown}
 A - a scroll of torment {unknown}
 B - 3 scrolls of identify
Potions
 h - 6 potions of heal wounds
 k - a potion of mutation
 l - a potion of brilliance {unknown}
 o - a potion of attraction {unknown}
 r - 2 potions of enlightenment {unknown}
 t - 2 potions of degeneration
 w - 3 potions of might {unknown}
 x - a potion of lignification


   Skills:
 + Level 2.6 Fighting
 + Level 3.1 Dodging
 + Level 3.8 Unarmed Combat
 + Level 3.6 Shapeshifting


You had 4 spell levels left.
You didn't know any spells.
Your spell library was empty.

Dungeon Overview and Level Annotations

Branches:
Dungeon (4/15)             Temple (0/1) D:4

Shops:
D:4 (*


Innate Abilities, Weirdness & Mutations

You are a hulking beast.
Your limbs bulge with bestial killing power. (Slay +2)
You have an increased reservoir of magic. (+10% MP)
You shall have no god before yourself.
Your divine heritage dramatically boosts your attributes as you level up.


Message History

No target in view!
r - 2 glowing blue potions (gained 1)
w - 3 metallic black potions (gained 2)
There is a stone staircase leading down here.
B - 3 scrolls of identify (gained 2)
A two-headed ogre is nearby!
You shoot a sling bullet. The two-headed ogre shouts in stereo!
The sling bullet hits the two-headed ogre!
You drain the two-headed ogre.
The two-headed ogre is lightly wounded.
You shoot a sling bullet.
The sling bullet hits the two-headed ogre.
The two-headed ogre is moderately wounded.
You shoot a sling bullet.
The sling bullet hits the two-headed ogre.
You drain the two-headed ogre.
The two-headed ogre is heavily wounded.
Your +1 dagger of freezing glows with a cold blue light!
b - a +1 dagger of freezing (weapon)
You hit the two-headed ogre but do no damage.
The two-headed ogre is heavily wounded.
The two-headed ogre hits you with a +0 giant club.
The two-headed ogre closely misses you.
You hit the two-headed ogre. You freeze the two-headed ogre.
The two-headed ogre is heavily wounded.
You barely miss the two-headed ogre.
The two-headed ogre is heavily wounded.
The two-headed ogre barely misses you.
The two-headed ogre hits you with a +0 giant club.
You hit the two-headed ogre. You freeze the two-headed ogre.
The two-headed ogre is severely wounded.
The two-headed ogre hits you with a +0 giant club! x2
You barely miss the two-headed ogre.
The two-headed ogre is severely wounded.
You hit the two-headed ogre. You freeze the two-headed ogre.
The two-headed ogre is severely wounded.
The two-headed ogre hits you with a +0 giant club!!
Ouch! That really hurt!
You die...

.. . #.. .... .##..
.. #.......#... .#..#
... .##....... ... ..
#.... .## .##...# ..#
(..#.# .# ....### .##
##O....## ..#
##.h##...# #.#
##..#....... ..
##..#....)### .. .
#...##....## .
#...##..##......#
#........#.##...#
##..####.#.#....#####
... #.....>........##
## ##+++###........#


You could see a two-headed ogre (drained).

Vanquished Creatures
  An ogre (D:4)
  2 hounds
  A gnoll (D:3)
  2 adders (D:2)
  2 worms (D:2)
  An orc (D:3)
  6 ball pythons
  5 endoplasms
  4 giant cockroaches
  12 goblins
  10 hobgoblins
  5 jackals
  5 bats
  A frilled lizard (D:1)
  9 kobolds
  7 rats
73 creatures vanquished.

Notes
Turn   | Place    | Note
-------+----------+-------------------------------------------
     0 | D:1      | javelincjr the Demigod Shapeshifter began the quest for the
                  | Orb.
     0 | D:1      | Reached XP level 1. HP: 15/15 MP: 3/3
    57 | D:1      | You fall into a shaft and drop 1 floor!
    75 | D:2      | Reached skill level 1 in Fighting
   169 | D:2      | Reached XP level 2. HP: 19/23 MP: 4/4
   561 | D:2      | Reached XP level 3. HP: 26/28 MP: 5/5
  1338 | D:1      | Reached XP level 4. HP: 11/36 MP: 6/6
  1828 | D:3      | Noticed an Executioner
  1835 | D:3      | Noticed a hellwing
  1835 | D:3      | Noticed a ynoxinul
  2818 | D:4      | Noticed a two-headed ogre
  2962 | D:4      | Noticed an ogre
  2970 | D:4      | Killed an ogre
  2971 | D:4      | Reached XP level 5. HP: 42/42 MP: 7/7
  3000 | D:4      | Found Poixt's Assorted Antiques.
  3001 | D:4      | Found Fafeh's Weapon Boutique.
  3046 | D:4      | Bought a scroll labelled BUNEZY HOEMUPS for 24 gold pieces
  3046 | D:4      | Bought a scroll labelled DIGGYT HETEEC for 24 gold pieces
  3126 | D:4      | Found a staircase to the Ecumenical Temple.
  3220 | D:4      | Demolished by a two-headed ogre

Illustrated notes

Levels and vault maps discovered:
D:1:      tarquinn_simple_flora_water_e, layout_basic
D:2:      layout_loops_ring, grunt_ministairs_8
D:3:      minmay_evil_eye, layout_basic, makhleb_altar_promises_db,
          chequers_ecumenical_altar_simple
D:4:      cheibrodos_fertilizer, layout_cave_pools,
          mainiacjoe_overflow_alcove_1, zin_academy,
          minmay_temple_entry_nine_rooms, serial_shops, nicolae_shop_peninsula,
          nicolae_wooded_promenade

Skill      XL: |  1  2  3  4 |
---------------+-------------+-----
Fighting       | 1 2 |  2.6
Dodging        | 2 3 |  3.1
Unarmed Combat | 3 |  3.8
Shapeshifting  | 3 |  3.6

Action                     |  1- 3 |  4- 6 || total
---------------------------+-------+-------++-------
  Melee: Unarmed           |   140 |    29 ||   169
         Punch             |     4 |       ||     4
         Dagger            |       |    10 ||    10
   Fire: Sling             |       |    34 ||    34
    Use: Scroll            |       |     5 ||     5
 Armour: Animal skin       |    78 |    20 ||    98
         Ring mail         |       |     8 ||     8
  Dodge: Dodged            |    87 |    22 ||   109

Table legend: (Time is in decaauts)
 A = Elapsed time spent in this place.
 B = Non-inter-level travel time spent in this place.
 C = Inter-level travel time spent in this place.
 D = Time resting spent in this place.
 E = Time spent auto-exploring this place.
 F = Levels seen in this place.
 G = Mean time per level.
                   A        B        C        D        E       F      G
               +--------+--------+--------+--------+--------+-----+--------+
         Total |   3222 |   2963 |    259 |     31 |   2362 |   4 |  805.5 |
       Dungeon |   3222 |   2963 |    259 |     31 |   2362 |   4 |  805.5 |
               +--------+--------+--------+--------+--------+-----+--------+

Top non-repeatable levels by time:
     D:3: 1245 daAuts
     D:2: 931 daAuts
     D:1: 763 daAuts
     D:4: 281 daAuts
